 Dungeon Crawl Stone Soup version 0.27.0-1-g7a089689b8 (webtiles) character file.

Game seed: 17369605883802528157

600 gimp the Ducker (level 7, -2/48 HPs)
             Began as a Spriggan Transmuter on Aug 11, 2021.
             Was an Initiate of Dithmenos.
             Succumbed to a water moccasin's poison
             ... on level 6 of the Dungeon.
             The game lasted 00:15:38 (7341 turns).

gimp the Ducker (Spriggan Transmuter)               Turns: 7341, Time: 00:15:38

Health: -2/48      AC: 23    Str:  3 (6)  XL:     7   Next: 18%
Magic:  12/12      EV:  4    Int: 13 (15) God:    Dithmenos [......]
Gold:   187        SH:  0    Dex: 15 (17) Spells: 10/11 levels left

rFire    . . .     SeeInvis +   c - +0 dagger
rCold    . . .     Faith    .   (shield restricted)
rNeg     + + +     Spirit   .   (armour currently unavailable)
rPois    +         Reflect  .   (helmet currently unavailable)
rElec    .         Harm     .   (cloak currently unavailable)
rCorr    .         Rampage  .   (gloves unavailable)
Will     +....     NoTele   +   (boots unavailable)
Stlth    +++.......             (no amulet)
HPRegen  0.16/turn              (no ring)
MPRegen  0.13/turn              (no ring)

@: lethally poisoned (-2 -> -18), tree-form, attractive
A: stationary, stasis, torment immunity, boosted hp, very small, no large
weapons, unfitting armour, see invisible, (speed 3)
a: Renounce Religion


You were on level 6 of the Dungeon.
You worshipped Dithmenos.
Dithmenos was noncommittal.
You were a tree.
You visited 2 branches of the dungeon, and saw 7 of its levels.

You collected 187 gold pieces.

Inventory:

Hand Weapons
 c - a +0 dagger (weapon)
Armour
 a - a +0 robe (melded)
 p - a +0 buckler
Scrolls
 d - a scroll of magic mapping {unknown}
 g - a scroll of teleportation {unknown}
 h - 4 scrolls of immolation {unknown}
 i - a scroll of enchant weapon {unknown}
 j - a scroll of fear {unknown}
 l - 3 scrolls of identify {unknown}
 o - a scroll of blinking {unknown}
 r - a scroll of holy word {unknown}
 t - a scroll of vulnerability {unknown}
Potions
 f - a potion of flight
 m - a potion of magic {unknown}
 n - a potion of lignification
 q - a potion of might {unknown}
 s - a potion of cancellation {unknown}


   Skills:
 - Level 0.7 Fighting
 + Level 3.4 Short Blades
 * Level 7.9 Dodging
 + Level 6.0 Stealth
 - Level 2.4 Unarmed Combat
 - Level 2.6 Spellcasting
 - Level 2.6 Transmutations


You had 10 spell levels left.
You knew the following spells:

 Your Spells              Type           Power      Damage    Failure   Level
a - Beastly Appendage     Tmut           16%        N/A       8%          1

Your spell library contained the following spells:

 Spells                   Type           Power      Damage    Failure   Level
 Wereblood                Tmut           8%         N/A       12%         2
 Passwall                 Tmut/Erth      4%         N/A       21%         2
 Magic Dart               Conj           4%         1d3       24%         1
 Sandblast                Erth           2%         2d4       24%         1
 Ensorcelled Hibernation  Hex/Ice        2%         N/A       34%         2
 Searing Ray              Conj           2%         3d3       34%         2
 Spider Form              Tmut/Pois      2%         N/A       38%         3
 Ice Form                 Ice/Tmut       5%         N/A       80%         4
 Fulminant Prism          Conj/Hex       0%         3d6       93%         4
 Lee's Rapid Deconstruct  Erth           0%         3d5*      100%        5
 Shadow Creatures         Summ           N/A        N/A       100%        6


Dungeon Overview and Level Annotations

Branches:
Dungeon (6/15)             Temple (1/1) D:4

Altars:
Ashenzari
Cheibriados
Dithmenos
Elyvilon
Fedhas
Gozag
Hepliaklqana
Kikubaaqudgha
Makhleb
Nemelex Xobeh
Okawaru
Ru
Sif Muna
Trog
Uskayaw
Vehumet
Wu Jian
Zin
Lugonu

Shops:
D:3 [

Annotations:
D:1 Robin
D:4 3 runed translucent doors, JBAR's ghost, amateur OpEn


Innate Abilities, Weirdness & Mutations

You are a tree.
Your roots penetrate the ground, keeping you stationary.
You cannot be teleported.
You are immune to unholy pain and torment.
Your maximum health is greatly increased.
Your equipment is partially melded.
You are very small and have problems with some larger weapons.
You are too small for most types of armour.
You have supernaturally acute eyesight. (SInv)
((You cover ground extremely quickly. (Speed+++)))


Message History

You take 5 damage, and have 14/32 hp.
You closely miss the water moccasin.
The water moccasin is heavily wounded.
You feel sick. The water moccasin barely misses you.
You take 2 damage, and have 12/32 hp.
MP restored: 12 You hit the water moccasin but do no damage.
Your kick misses the water moccasin.
The water moccasin is heavily wounded.
You feel sick. The water moccasin bites you.
You take 2 damage, and have 10/32 hp.
You barely miss the water moccasin.
The water moccasin is heavily wounded.
The water moccasin completely misses you.
You feel better.
The water moccasin completely misses you.
The water moccasin misses you.
You regained 9 hp, and now have 19/32 hp.
It was a potion of flight.
You feel very buoyant.
You fly up into the air.
The water moccasin completely misses you.
It was a potion of degeneration.
There was something very wrong with that liquid.
You feel weakened.
You feel dopey.
You feel clumsy. The water moccasin bites you!
You take 7 damage, and have 12/32 hp.
MASSIVE DAMAGE!!
It was a potion of attraction.
You feel attractive to monsters.
Your transformation is almost over.
The water moccasin bites you.
* * * LOW HITPOINT WARNING * * *
You are lethally poisoned!
The water moccasin poisons you! The water moccasin bites you.
* * * LOW HITPOINT WARNING * * *
You take 11 damage, and have 1/32 hp.
MASSIVE DAMAGE!!
It was a potion of lignification.
Your horns disappear.
Your talons disappear.
You turn into a tree.
Your +0 robe melds into your body.
Your roots penetrate the ground.
You die...

###+## #....#
#....+ #....#
#....####
#...<.#
#..!..#
#.....#
#♣....#
#.....†S#####
#.......#
#.......+
#.......#
#########


You could see a water moccasin.

Vanquished Creatures
  An orc warrior (D:4)
  An ogre (D:5)
  3 scorpions
  A hound (D:5)
  A jelly (D:4)
  An orc wizard (D:5)
  4 adders
  A worm (D:4)
  2 dart slugs (D:4)
  9 orcs
  5 bats
  10 endoplasms
  3 giant cockroaches
  19 goblins
  11 hobgoblins
  6 jackals
  7 kobolds
  4 quokkas
  5 ball pythons
  4 frilled lizards
  5 rats
103 creatures vanquished.

Vanquished Creatures (others)
  17 plants (D:4)
17 creatures vanquished.

Grand Total: 120 creatures vanquished

Notes
Turn   | Place    | Note
-------+----------+-------------------------------------------
     0 | D:1      | gimp the Spriggan Transmuter began the quest for the Orb.
     0 | D:1      | Reached XP level 1. HP: 9/9 MP: 5/5
    43 | D:1      | Reached skill level 3 in Dodging
    58 | D:1      | Reached skill level 1 in Stealth
   247 | D:1      | Reached XP level 2. HP: 8/14 MP: 4/6
   832 | D:1      | Reached skill level 4 in Dodging
   991 | D:1      | Reached XP level 3. HP: 3/17 MP: 8/8
  1930 | D:2      | Noticed Robin
  2735 | D:1      | Reached XP level 4. HP: 10/21 MP: 7/9
  3682 | D:3      | Reached skill level 5 in Dodging
  3684 | D:3      | Reached skill level 1 in Short Blades
  3739 | D:3      | Found Loimuma's Armour Boutique.
  3891 | D:3      | Found a faded altar of an unknown god.
  4616 | D:4      | Found a radiant altar of Vehumet.
  4616 | D:4      | Found a hazy altar of Hepliaklqana.
  4652 | D:4      | Found a runed translucent gate.
  4652 | D:4      | Found a runed translucent gate.
  4656 | D:4      | Found a runed translucent gate.
  4698 | D:4      | Found a broken altar of Ashenzari.
  4701 | D:4      | Found a white marble altar of Elyvilon.
  4702 | D:4      | Found an opulent altar of Gozag.
  4703 | D:4      | Found a sacrificial altar of Ru.
  4703 | D:4      | Found a burning altar of Makhleb.
  4736 | D:4      | Reached XP level 5. HP: 21/25 MP: 10/10
  4780 | D:5      | Entered Level 5 of the Dungeon
  4888 | D:5      | Found an iron altar of Okawaru.
  5077 | D:4      | Reached skill level 6 in Dodging
  5115 | D:4      | Noticed an orc warrior
  5270 | D:5      | Noticed an ice beast
  5492 | D:4      | Found a staircase to the Ecumenical Temple.
  5502 | Temple   | Entered the Ecumenical Temple
  5561 | Temple   | Became a worshipper of Dithmenos the Shadowed
  5582 | D:4      | Found a snail-covered altar of Cheibriados.
  5647 | D:4      | Killed an orc warrior
  5648 | D:4      | Reached XP level 6. HP: 29/29 MP: 11/11
  5726 | D:4      | Noticed an ice beast
  5734 | D:4      | Noticed JBAR's ghost (amateur OpEn)
  6088 | D:5      | Reached skill level 5 in Stealth
  6117 | D:5      | Reached skill level 7 in Dodging
  6355 | D:5      | Reached XP level 7. HP: 12/32 MP: 12/12
  7340 | D:6      | HP: 1/32 [water moccasin (5)]
  7341 | D:6      | Succumbed to a water moccasin's poison

Illustrated notes

Levels and vault maps discovered:
D:1:      co_arrival_square_in_a_square_in_a_square, layout_basic
D:2:      layout_rooms, serial_glass, glass_columns_b, glass_columns_a,
          glass_columns_b, glass_columns_a, due_unseen_surprise,
          feat_on_display, minmay_strange_pillars, minmay_strange_pillars,
          uniq_robin
D:3:      layout_loops_ring, serial_shops, shop, chequers_ecumenical_altar_grove
D:4:      layout_basic, mainiacjoe_overflow_chevrons,
          grunt_temple_overflow_open, temple_fountains, gammafunk_ghost_icy
D:5:      layout_basic, okawaru_ov_weapons_minmay,
          amcnicky_mini_rare_corridor_liquid
D:6:      layout_gridville, serial_shops, nicolae_shop_behind_doors,
          roderic_roman_lattice, kennysheep_small_circle
Temple:   corrupted_temple

Skill      XL: |  1  2  3  4  5  6  7 |
---------------+----------------------+-----
Dodging        | 3 4 5 6 7 |  7.9
Stealth        | 1 2 3 4 5 6 |  6.0
Short Blades   | 1 2 3 |  3.4
Fighting       | |  0.7
Unarmed Combat | |  2.4
Spellcasting   | |  2.6
Transmutations | |  2.6

Action                   |  1- 3 |  4- 6 |  7- 9 || total
-------------------------+-------+-------+-------++-------
Melee: Dagger            |   158 |   205 |    32 ||   395
       Unarmed           |     6 |       |       ||     6
       Kick              |    30 |    35 |     3 ||    68
       Headbutt          |    23 |    26 |     2 ||    51
       Punch             |     1 |     4 |       ||     5
 Cast: Beastly Appendage |    26 |    23 |     3 ||    52
Evoke: Wand              |       |     9 |     3 ||    12
  Use: Potion            |       |     1 |     6 ||     7
 Stab: Sleeping          |     2 |    11 |     1 ||    14
       Distracted        |     1 |     1 |       ||     2
Armor: Robe              |    15 |    12 |     5 ||    32
Dodge: Dodged            |   143 |   145 |    27 ||   315
